 Dungeon Crawl Stone Soup version 0.28.0-45-g0d030f2227 (webtiles) character file.

Game seed: 6624695897003289318

466 GigaChad the Shooter (level 6, 0/52 HPs)
             Began as a Minotaur Hunter on Apr 20, 2022.
             Was an Initiate of Gozag.
             Slain by a phantom (2 damage)
             ... on level 4 of the Dungeon.
             The game lasted 00:09:02 (3657 turns).

GigaChad the Shooter (Minotaur Hunter)              Turns: 3657, Time: 00:09:02

Health: 0/52       AC:  3    Str: 16    XL:     6   Next: 81%
Magic:  5/5        EV: 12    Int:  8    God:    Gozag
Gold:   489        SH:  0    Dex: 13    Spells: 5/5 levels left

rFire   . . .      SeeInvis .   s - +0 glaive
rCold   . . .      Faith    .   (shield currently unavailable)
rNeg    . . .      Spirit   .   c - +0 leather armour
rPois   .          Reflect  .   (helmet restricted)
rElec   .          Harm     .   (no cloak)
rCorr   .          Rampage  .   (no gloves)
Will    .....                   (no boots)
Stlth   +.........              (no amulet)
HPRegen 0.17/turn               (no ring)
MPRegen 0.09/turn               (no ring)

@: gold aura
A: horns 2, retaliatory headbutt
a: Renounce Religion, Potion Petition, Call Merchant, Bribe Branch


You were on level 4 of the Dungeon.
You worshipped Gozag.
Gozag was aware of your devotion.
You visited 1 branch of the dungeon, and saw 4 of its levels.

You collected 489 gold pieces.

Inventory:

Hand Weapons
 a - a +1 shortbow
 b - a +0 short sword
 h - a +2 whip of electrocution
 j - a +0 rapier
 q - a +0 scythe
 s - a +0 glaive (weapon)
Missiles
 d - 20 arrows
Armour
 c - a +0 leather armour (worn)
Magical Staves
 m - a staff of air
Wands
 l - a wand of flame (11)
Scrolls
 k - 2 scrolls of teleportation
 o - a scroll of immolation {unknown}
 p - a scroll of acquirement {unknown}
 r - a scroll of identify {unknown}
Potions
 e - a potion of might {unknown}
 f - a potion of berserk rage {unknown}
 g - a potion of invisibility {unknown}
 i - a potion of magic {unknown}
 n - 2 potions of curing {unknown}
 t - a potion of degeneration {unknown}
 u - a potion of mutation {unknown}


   Skills:
 + Level 4.0 Fighting
 + Level 2.4 Short Blades
 + Level 7.0 Bows
 + Level 3.0 Armour
 + Level 2.8 Dodging
 + Level 1.2 Stealth


You had 5 spell levels left.
You didn't know any spells.
Your spell library contained the following spells:

 Spells                   Type           Power      Damage    Failure   Level
 Passwall                 Tmut/Erth      0%         N/A       61%         2
 Frozen Ramparts          Ice            0%         1d2       83%         3
 Gell's Gravitas          Tloc           0%         N/A       83%         3
 Lesser Beckoning         Tloc           0%         N/A       83%         3
 Teleport Other           Tloc           0%         N/A       83%         3
 Ice Form                 Ice/Tmut       0%         N/A       99%         4
 Blade Hands              Tmut           0%         N/A       100%        5
 Eringya's Noxious Bog    Tmut/Pois      0%         N/A       100%        6


Dungeon Overview and Level Annotations

Branches:
Dungeon (4/15)
 Temple: D:4-7

Altars:
Gozag


Innate Abilities, Weirdness & Mutations

You have a pair of horns on your head.
You reflexively headbutt those who attack you in melee.


Message History

You shoot an arrow. The arrow closely misses the phantom.
The arrow hits the dart slug!
You kill the dart slug!
The gnoll shouts!
You hear a shout!
The gnoll barely misses you.
You shoot an arrow. The arrow closely misses the phantom.
The phantom hits you!
The gnoll hits you from afar with a +0 halberd.
You shoot an arrow.
The arrow hits the phantom but does no damage.
The phantom is lightly damaged.
You hear a shout!
A gnoll comes into view. It is wielding a +0 spear.
The phantom hits you!
You shoot an arrow. The arrow hits the phantom.
The phantom is moderately damaged.
The phantom barely misses you.
s - a +0 glaive (weapon)
The phantom hits you.
The gnoll is distracted by your dazzling golden aura.
The gnoll barely misses you. The phantom completely misses you.
You furiously retaliate!
You headbutt the phantom, but do no damage.
The gnoll shouts!
You barely miss the phantom.
The phantom is lightly damaged.
The gnoll hits you from afar with a +0 halberd!
* * * LOW HITPOINT WARNING * * *
The phantom hits you.
* * * LOW HITPOINT WARNING * * *
The phantom blinks!
You blink.
Found a whip.
You miss the phantom. Your headbutt misses the phantom.
The phantom is lightly damaged.
The gnoll hits you from afar with a +0 spear.
* * * LOW HITPOINT WARNING * * *
The gnoll hits you from afar with a +0 halberd!
* * * LOW HITPOINT WARNING * * *
The phantom hits you but does no damage.
The phantom hits you.
You die...
Your body crumbles into a pile of gold.

##.#.#.## .......#
##.#.#.## #.......#
###.#.#.##
.(......#
#######.#.#.#######
#......$...@Wg...).
#.#####.#$#.#g#####
######.#
#..$.ยง.g.#
.......# ##.#.#.#.#
######## #.......$#
##.#.#.#.#
#####...# #####


You could see a phantom and 3 gnolls.

Vanquished Creatures
  Sigmund (D:3)
  A scorpion (D:3)
  A hound (D:2)
  A jelly (D:4)
  2 orc wizards (D:4)
  A hound skeleton (D:4)
  3 adders
  5 gnolls
  A worm (D:3)
  2 dart slugs
  9 orcs
  4 endoplasms
  2 giant cockroaches
  5 goblins
  A hobgoblin (D:3)
  3 jackals
  A quokka (D:3)
  2 ball pythons
  4 bats
  5 frilled lizards
  3 kobolds
  4 rats
61 creatures vanquished.

Notes
Turn   | Place    | Note
-------+----------+-------------------------------------------
     0 | D:1      | GigaChad the Minotaur Hunter began the quest for the Orb.
     0 | D:1      | Reached XP level 1. HP: 18/18 MP: 0/0
    17 | D:1      | Found a faded altar of an unknown god.
    29 | D:1      | Prayed at the altar of an unknown god.
    29 | D:1      | Became a worshipper of Gozag Ym Sagoz the Greedy
   197 | D:1      | Reached XP level 2. HP: 23/25 MP: 1/1
   352 | D:1      | Reached skill level 5 in Bows
   946 | D:2      | Reached XP level 3. HP: 21/30 MP: 2/2
   951 | D:2      | Got the Almanac of Icy Moulding
  1757 | D:3      | Reached skill level 1 in Armour
  1757 | D:3      | Reached XP level 4. HP: 38/38 MP: 3/3
  1767 | D:3      | Reached skill level 6 in Bows
  2235 | D:3      | Noticed a scorpion
  2250 | D:3      | Killed a scorpion
  2251 | D:3      | Reached skill level 1 in Stealth
  2251 | D:3      | Reached XP level 5. HP: 6/45 MP: 4/4
  2255 | D:3      | HP: 2/45 [poisoned by a scorpion]
  2530 | D:3      | Noticed Sigmund
  2549 | D:3      | Killed Sigmund
  2550 | D:3      | Reached skill level 1 in Short Blades
  2550 | D:3      | Reached XP level 6. HP: 31/52 MP: 5/5
  3081 | D:4      | Reached skill level 7 in Bows
  3657 | D:4      | HP: 2/52 [gnoll/+0 halberd (8)]
  3657 | D:4      | Slain by a phantom

Illustrated notes

Levels and vault maps discovered:
D:1:      mainiacjoe_arrival_reflecting_pool, layout_loops_ring,
          ebering_ecumenical_altar_mist, minmay_indecisive_spiral
D:2:      layout_loops_corners, minmay_pentomino_s2
D:3:      wander_river, layout_basic, uniq_terence, uniq_jessica, uniq_sigmund
D:4:      layout_loops_ring, marbit_many_paths, minmay_crystal_room,
          st_stairs_12, grunt_decor_fettered, amcnicky_mini_rare_corridor_liquid

Skill      XL: |  1  2  3  4  5  6 |
---------------+-------------------+-----
Bows           | 5 6 7 |  7.0
Fighting       | 3 4 |  4.0
Armour         | 1 2 3 |  3.0
Stealth        | 1 |  1.2
Short Blades   | 1 2 |  2.4
Dodging        | |  2.8

Action                   |  1- 3 |  4- 6 || total
-------------------------+-------+-------++-------
Melee: Rapier            |       |    52 ||    52
       Headbutt          |       |    10 ||    10
       Punch             |       |     3 ||     3
       Glaive            |       |     2 ||     2
 Fire: Shortbow          |    73 |    68 ||   141
  Use: Scroll            |     2 |       ||     2
Armor: Leather armour    |    22 |    15 ||    37
Dodge: Dodged            |    30 |    57 ||    87
